 Dungeon Crawl Stone Soup version 0.21.0-25-ge575cb9 (webtiles) character file.

234 mopl the Vexing (level 5, -2/35 HPs)
             Began as a Mummy Enchanter on Jan 22, 2018.
             Was a Follower of Ashenzari.
             Slain by an ogre (14 damage)
             ... on level 3 of the Dungeon.
             The game lasted 00:06:08 (2623 turns).

mopl the Vexing (Mummy Enchanter)                   Turns: 2623, Time: 00:06:09

Health: -2/35      AC:  5    Str: 12    XL:     5   Next: 75%
Magic:  1/10       EV: 11    Int: 14    God:    Ashenzari [*.....]
Gold:   263        SH:  6    Dex: 13    Spells: 2/11 levels left

rFire    x . .     SeeInvis .   a - +1 dagger
rCold    + . .     Gourm    .   i - +2 buckler
rNeg     + + +     Faith    .   b - +0 robe
rPois    ∞         Spirit   .   (no helmet)
rElec    .         Reflect  .   (no cloak)
rCorr    .         Harm     .   (no gloves)
MR       .....                  (no boots)
Stlth    ++........             h - amulet of regeneration (curse)
HPRegen  0.51/turn              d - +3 ring of protection (curse)
MPRegen  0.12/turn              (no ring)

@: about to teleport, very slightly contaminated
A: no food or potions, fire vulnerability, cold resistance 1, negative energy
resistance 3, torment resistance, unbreathing
a: Curse Item, Scrying, Renounce Religion


You were on level 3 of the Dungeon.
You worshipped Ashenzari.
Ashenzari was aware of your devotion.
You were not hungry.

You visited 1 branch of the dungeon, and saw 4 of its levels.

You collected 263 gold pieces.

Inventory:

Hand Weapons
 a - a +1 dagger (weapon)
 p - a +0 blowgun
Missiles
 n - 12 poisoned needles
 q - 2 needles of confusion
 s - 2 tomahawks (quivered)
Armour
 b - a +0 robe (worn)
 i - a +2 buckler (worn)
Jewellery
 d - a cursed +3 ring of protection (left hand)
 h - a cursed amulet of regeneration (around neck)
Scrolls
 e - 2 scrolls of fog
 f - 2 scrolls of remove curse
 g - a scroll of enchant weapon
 j - a scroll of amnesia
 k - 2 scrolls of immolation
Books
 c - a book of Maledictions

   Spells                             Type                      Level
   a - Corona                         Hexes                        1
   b - Ensorcelled Hibernation        Hexes/Ice                    2
   c - Confuse                        Hexes                        3
   d - Tukima's Dance                 Hexes                        3
   e - Dazzling Spray                 Conjuration/Hexes            3
 l - a book of Misfortune

   Spells                             Type                      Level
   a - Confusing Touch                Hexes                        1
   b - Confuse                        Hexes                        3
   c - Gell's Gravitas                Translocation                3
   d - Petrify                        Transmutation/Earth          4
   e - Metabolic Englaciation         Hexes/Ice                    5
   f - Yara's Violent Unravelling     Hexes/Transmutation          5


   Skills:
 - Level 0.7 Short Blades
 - Level 1.5 Dodging
 * Level 3.8 Stealth
 + Level 1.1 Shields
 + Level 3.8 Spellcasting
 * Level 3.9 Hexes
 + Level 1.3 Ice Magic


You had 2 spell levels left.
You knew the following spells:

 Your Spells              Type           Power        Failure   Level  Hunger
a - Corona                Hex            ##.....      5%          1    N/A
b - Ensorcelled Hibernat  Hex/Ice        ##....       14%         2    N/A
c - Confuse               Hex            ##......     17%         3    N/A
d - Tukima's Dance        Hex            ##......     17%         3    N/A

Dungeon Overview and Level Annotations

Branches:
Dungeon (4/15)
 Temple: D:4-7

Altars:
Ashenzari
Fedhas

Annotations:
D:4 Grinder, Robin


Innate Abilities, Weirdness & Mutations

You do not eat or drink.
Your flesh is vulnerable to fire.
You are immune to poison.
Your flesh is cold resistant. (rC+)
You are immune to negative energy. (rN+++)
You are immune to unholy pain and torment.
You can survive without breathing.


Message History

Casting: Ensorcelled Hibernation
Confirm with . or Enter, or press ? or * to list all spells.
Aiming: Ensorcelled Hibernation
Press: ? - help, Shift-Dir - straight line, f/p - orc
Aim: an orc, wielding a mace (chance to defeat MR: 59%)
You miscast Ensorcelled Hibernation.
You are very lightly contaminated with residual magic.
The light around you dims momentarily. You block the orc's attack.
The ogre hits you!
You barely miss the orc. The orc hits you but does no damage.
The ogre hits you.
As you read the scroll labeled UGAHEOCWEPN, it crumbles to dust.
You feel momentarily disoriented.
It was a scroll of magic mapping.
The orc hits you with a mace. You block the ogre's attack.
As you read the scroll of teleportation, it crumbles to dust.
You feel strangely unstable. The orc misses you. The ogre barely misses you.
You hit the orc.
The orc is moderately wounded.
The ogre hits you!
You die...

#.#.........# ##.#
#.##.......## #.#
#.#.......## #####.##
#.#.#####.# #.......
#.#.# #.# ##.###.##
#...# #.######.[.##.##
###.# #.!......#....##
#.#####.######...#####
#...o@O........%##
#################


You could see an ogre and an orc.

Vanquished Creatures
  A black bear (D:3)
  2 worker ants (D:3)
  2 gnolls (D:2)
  2 adders
  2 oozes
  A dart slug (D:2)
  4 leopard geckos
  5 goblins
  7 hobgoblins
  3 kobolds
  A quokka (D:3)
  5 bats
  4 frilled lizards
  7 rats
46 creatures vanquished.

Notes
Turn   | Place    | Note
-------+----------+-------------------------------------------
     0 | D:1      | mopl the Mummy Enchanter began the quest for the Orb.
     0 | D:1      | Reached XP level 1. HP: 13/13 MP: 4/4
   168 | D:1      | Reached skill level 3 in Hexes
   168 | D:1      | Reached XP level 2. HP: 9/19 MP: 3/5
   172 | D:1      | Learned a level 2 spell: Ensorcelled Hibernation
   360 | D:1      | Reached skill level 3 in Spellcasting
   950 | D:2      | Reached XP level 3. HP: 24/24 MP: 7/7
   955 | D:2      | Learned a level 3 spell: Confuse
  1001 | D:2      | Reached skill level 3 in Stealth
  1014 | D:2      | Found a shattered altar of Ashenzari.
  1031 | D:2      | Became a worshipper of Ashenzari the Shackled
  1426 | D:3      | Noticed a black bear
  1478 | D:3      | Killed a black bear
  1478 | D:3      | Reached skill level 1 in Ice Magic
  1478 | D:3      | Reached XP level 4. HP: 30/30 MP: 0/9
  1478 | D:3      | Reached XP level 5. HP: 35/35 MP: 0/10
  2243 | D:3      | Reached * piety under Ashenzari
  2342 | D:3      | Found a blossoming altar of Fedhas.
  2461 | D:4      | Noticed Robin
  2469 | D:3      | Reached skill level 1 in Shields
  2502 | D:4      | Noticed Grinder
  2612 | D:3      | Learned a level 3 spell: Tukima's Dance
  2613 | D:4      | Noticed an ogre
  2623 | D:3      | Slain by an ogre

Skill      XL: |  1  2  3  4  5 |
---------------+----------------+-----
Hexes          | 3 |  3.9
Spellcasting   | 3 |  3.8
Stealth        | 3 |  3.8
Ice Magic      | 1 |  1.3
Shields        | 1 |  1.1
Short Blades   | |  0.7
Dodging        | |  1.5

Action                   |  1- 3 |  4- 6 || total
-------------------------+-------+-------++-------
Melee: Dagger            |    75 |    71 ||   146
 Cast: Corona            |     8 |     1 ||     9
       Ensorcelled Hiber |    12 |    11 ||    23
       Confuse           |     2 |     2 ||     4
       Tukima's Dance    |       |     2 ||     2
Invok: Curse Item        |       |     1 ||     1
  Use: Scroll            |     2 |     6 ||     8
 Stab: Sleeping          |    13 |     8 ||    21
       Confused          |     2 |       ||     2
Armor: Robe              |    21 |    16 ||    37
Dodge: Dodged            |    48 |    47 ||    95
Block: Buckler           |     4 |    28 ||    32
